 Dungeon Crawl Stone Soup version 0.31-a0-466-g98c9adc2b6 (webtiles) character file.

Game seed: 10712527524804254871

3577 MisterAzrael the Grappler (level 9, -6/64 HPs)
             Began as a Green Draconian Shapeshifter on Aug 6, 2023.
             Was a Priest of Makhleb.
             Mangled by a komodo dragon (28 damage)
             ... on level 1 of the Lair of Beasts.
             The game lasted 00:15:07 (9069 turns).

MisterAzrael the Grappler (DrSh)                    Turns: 9069, Time: 00:15:08

Health: -6/64      AC:  7    Str: 22    XL:     9   Next: 84%
Magic:  15/15      EV: 12    Int:  8    God:    Makhleb [***...]
Gold:   366        SH:  0    Dex: 12    Spells: 8/8 levels left

rFire   . .          .
                       - Unarmed
rCold   . . .        (no shield)
rNeg    . . .        (body armour unavailable)
rPois   +            (helmet currently unavailable)
rElec   .            (cloak currently unavailable)
rCorr   .            (gloves currently unavailable)
SInv    .            (boots currently unavailable)
Will    .....        (no amulet)
Stlth   +            v - ring of flight
HPRegen 0.30/turn    (no ring)
MPRegen 0.14/turn

%: no passive effects
@: beast-form, flying
A: beast (slay +5), breathe noxious fumes, AC +7, unfitting armour, poison
resistance, cold-blooded
a: Breathe Noxious Fumes, Begin Untransformation, Renounce Religion, Minor
Destruction, Lesser Servant of Makhleb


You were on level 1 of the Lair of Beasts.
You worshipped Makhleb.
Makhleb was most pleased with you.
You were a hulking beast.
You visited 2 branches of the dungeon, and saw 10 of its levels.
You also visited: Sewer.

You collected 366 gold pieces.

Inventory:

Armour
 e - the +0 cloak "Foish" {Fly MP+9 Int+2}
   (You found it on level 5 of the Dungeon)

   Int:       It affects your intelligence (+2).
   MP:        It affects your magic capacity (+9).
   Fly:       It grants you flight.
Jewellery
 h - a ring of protection from fire
 v - a ring of flight (left hand)
Talismans
 b - a beast talisman (active)
Wands
 o - a wand of paralysis (5)
Scrolls
 c - a scroll of vulnerability
 d - a scroll of fog
 f - 5 scrolls of identify
 k - a scroll of poison
Potions
 i - a potion of might


   Skills:
 - Level 1.1 Fighting
 - Level 1.8 Dodging
 + Level 9.0 Unarmed Combat
 + Level 8.5 Invocations
 + Level 7.6 Shapeshifting


You had 8 spell levels left.
You didn't know any spells.
Your spell library contained the following spells:

 Spells                   Type           Power      Damage    Failure   Level
 Foxfire                  Conj/Fire      0%         2x1d4     41%         1
 Freeze                   Ice            0%         1d3       41%         1
 Poisonous Vapours        Pois/Air       0%         N/A       54%         2
 Frozen Ramparts          Ice            0%         1d1       78%         3
 Hailstorm                Conj/Ice       0%         3d3       78%         3
 Mephitic Cloud           Conj/Pois/Air  0%         N/A       78%         3
 Summon Guardian Golem    Hex/Summ       0%         N/A       78%         3
 Freezing Cloud           Conj/Ice/Air   0%         6-21      100%        5
 Plasma Beam              Fire/Air       0%         2x1d10    100%        6
 Starburst                Conj/Fire      0%         6d3       100%        6
 Orb of Destruction       Conj           0%         9d5       100%        7
 Spellforged Servitor     Conj/Summ      0%         N/A       100%        7


Dungeon Overview and Level Annotations

Branches:
Dungeon (9/15)             Temple (0/1) D:6            Lair (1/5) D:9
  Sewer (visited)
    Orc: D:9-12

Altars:
Elyvilon
Hepliaklqana
Makhleb
Qazlal
Uskayaw
Zin

Shops:
D:3 =

Annotations:
D:4 Duvessa
D:8 2 transporters, Unforgiven's ghost, novice TrFi


Innate Abilities, Weirdness & Mutations

You are a hulking beast.
Your limbs bulge with bestial killing power. (Slay +5)
You can breathe blasts of noxious fumes.
Your lurid green scales are hard. (AC +7)
You cannot fit into any form of body armour.
Your system is resistant to poisons. (rPois)
You are cold-blooded and may be slowed by cold attacks.


Message History

You start resting.
HP restored.
You can't go up here!
You fly downwards.
Welcome to the Lair of Beasts!
There is a staircase back to the Dungeon here.
Found 4 stones.
A komodo dragon comes into view.
A komodo dragon is nearby!
A bullfrog comes into view.
The bullfrog gives a loud, deep croak!
The komodo dragon hisses angrily.
The bullfrog barely misses you.
You barely miss the bullfrog. You tail-slap the bullfrog!
The bullfrog is heavily wounded.
The bullfrog misses you.
You punch the bullfrog! You tail-slap the bullfrog.
You kill the bullfrog!
Makhleb accepts your kill.
Your Unarmed Combat skill increases to level 9!
You punch the komodo dragon!
You tail-slap the komodo dragon, but do no damage.
The komodo dragon is moderately wounded.
The komodo dragon misses you.
You punch the komodo dragon!
The komodo dragon is heavily wounded.
The komodo dragon bites you!!
You hit the komodo dragon.
The komodo dragon is heavily wounded.
You hit the komodo dragon.
The komodo dragon is heavily wounded.
The komodo dragon completely misses you.
You hit the komodo dragon.
The komodo dragon is severely wounded.
The komodo dragon barely misses you.
You barely miss the komodo dragon.
The komodo dragon is severely wounded.
The komodo dragon bites you!!
You hit the komodo dragon.
The komodo dragon is severely wounded.
The komodo dragon bites you!!
You die...

#.. ... #...
....# ##....
...## #..... ...P
#.... ..#
#..P.##..#
##......#.#
........#l# #
....#....h#.##.#.
. #...#........
#.<.#.....###
#...+.....#
##.#......#
.........#
....(.......
#.##.#####... ##
### ...


You could see a komodo dragon.

Vanquished Creatures
  A wyvern (D:7)
  A steam dragon (D:5)
  An orc warrior (D:8)
  2 sky beasts
  Pargi (Sewer)
  2 ice beasts (D:5)
  3 black bears
  An ogre (D:5)
  2 centaurs
  A phantom (D:5)
  2 kobold brigands
  4 scorpions
  6 bullfrogs
  A gnoll sergeant (D:8)
  Dowan (D:4)
  3 killer bees (D:7)
  4 howler monkeys
  A hound (D:5)
  A gnoll bouda (D:8)
  5 orc priests
  A jelly (D:4)
  A sleepcap (D:6)
  An iguana (D:6)
  Terence (D:2)
  3 orc wizards
  Robin (D:2)
  11 gnolls
  6 adders
  9 river rats (D:6)
  A shadow imp (D:7)
  A white imp (D:7)
  An ufetubus (D:7)
  A worm (D:2)
  3 dart slugs
  10 orcs
  5 bats
  6 endoplasms
  5 giant cockroaches
  7 hobgoblins
  3 jackals (D:5)
  15 kobolds
  13 quokkas
  7 ball pythons
  6 frilled lizards
  11 goblins
  16 rats
188 creatures vanquished.

Vanquished Creatures (collateral kills)
  An acid dragon (D:9)
  A sky beast (D:8)
  3 gnolls (D:8)
5 creatures vanquished.

Grand Total: 193 creatures vanquished

Notes
Turn   | Place    | Note
-------+----------+-------------------------------------------
     0 | D:1      | MisterAzrael the Draconian Shapeshifter began the quest for
                  | the Orb.
     0 | D:1      | Reached XP level 1. HP: 16/16 MP: 1/1
   171 | D:1      | Reached XP level 2. HP: 14/23 MP: 2/2
   592 | D:2      | Found a burning altar of Makhleb.
   602 | D:2      | Became a worshipper of Makhleb the Destroyer
   612 | D:2      | Reached XP level 3. HP: 25/28 MP: 3/3
   675 | D:2      | Noticed Robin
   889 | D:2      | Killed Robin
  1067 | D:2      | Reached skill level 4 in Unarmed Combat
  1145 | D:2      | Reached * piety under Makhleb
  1191 | D:2      | Reached XP level 4. HP: 35/35 MP: 4/4
  1276 | D:2      | Noticed Terence
  1291 | D:2      | Killed Terence
  1292 | D:2      | Reached skill level 1 in Invocations
  1649 | D:3      | Found Rafaz's Jewellery Emporium.
  1657 | D:3      | Found a hide-covered altar of Uskayaw.
  1746 | D:3      | Reached XP level 5. HP: 20/40 MP: 4/6
  2518 | D:5      | Entered Level 5 of the Dungeon
  2718 | D:4      | Noticed a black bear
  2730 | D:4      | Killed a black bear
  2731 | D:4      | Reached skill level 5 in Unarmed Combat
  2731 | D:4      | Reached XP level 6. HP: 47/47 MP: 6/8
  2809 | D:4      | Noticed Duvessa
  2809 | D:4      | Noticed Dowan
  2993 | D:4      | Killed Dowan
  3167 | D:5      | Found a stormy altar of Qazlal.
  3281 | D:5      | Noticed a steam dragon
  3299 | D:5      | Killed a steam dragon
  3300 | D:5      | Reached skill level 5 in Shapeshifting
  3300 | D:5      | Your scales start taking on a lurid green colour.
  3300 | D:5      | Reached XP level 7. HP: 7/52 MP: 8/10
  3300 | D:5      | Gained mutation: Your system is resistant to poisons.
                  | (rPois) [Green Draconian growth]
  3684 | D:5      | Identified the +0 cloak "Foish" {Fly MP+9 Int+2}
  3721 | D:5      | Reached skill level 6 in Unarmed Combat
  4056 | D:5      | Reached skill level 5 in Invocations
  4081 | D:5      | Reached XP level 8. HP: 52/59 MP: 11/11
  4502 | D:6      | Reached ** piety under Makhleb
  4841 | D:6      | Found a staircase to the Ecumenical Temple.
  4916 | D:6      | Identified the +1 pair of boots "Cegepruh" {Harm rElec}
  4954 | D:6      | Found a glowing drain.
  5059 | Sewer    | Entered a sewer
  5130 | Sewer    | Noticed Pargi
  5182 | Sewer    | Killed Pargi
  5183 | Sewer    | Reached skill level 7 in Unarmed Combat
  6650 | D:7      | Reached *** piety under Makhleb
  6684 | D:7      | Found a hazy altar of Hepliaklqana.
  6774 | D:7      | Reached XP level 9. HP: 51/64 MP: 14/14
  7244 | D:8      | Reached skill level 8 in Unarmed Combat
  7263 | D:8      | Found a white marble altar of Elyvilon.
  7277 | D:8      | Found a transporter.
  7285 | D:8      | Found a transporter.
  7288 | D:8      | Noticed Unforgiven's ghost (novice TrFi)
  7342 | D:8      | Noticed a moth of wrath
  8270 | D:9      | Noticed a death yak
  8275 | D:9      | Noticed a death yak
  8278 | D:9      | Noticed a death yak
  8575 | D:9      | Noticed a death yak
  8580 | D:9      | Noticed a death yak
  8673 | D:9      | Found a glowing silver altar of Zin.
  8963 | D:9      | Found a staircase to the Lair.
  9054 | Lair:1   | Entered Level 1 of the Lair of Beasts
  9056 | Lair:1   | Noticed a komodo dragon
  9062 | Lair:1   | Reached skill level 9 in Unarmed Combat
  9069 | Lair:1   | Mangled by a komodo dragon

Illustrated notes

Levels and vault maps discovered:
D:1:      amcnicky_arrival_underground_garden, layout_rooms,
          minmay_misc_feat_plants
D:2:      layout_rooms, basic_altar, kennysheep_flooded_box,
          serial_bayou_pond_c, st_stairs_6, uniq_terence, uniq_robin
D:3:      cheibrodos_helix_gallery, layout_basic,
          nicolae_uskayaw_murder_on_the_dancefloor, serial_shops, shop_fountains
D:4:      minmay_thinvault, layout_loops_ring, uniq_menkaure, uniq_duvessa,
          uniq_edmund
D:5:      layout_loops_ring, mainiacjoe_overflow_paths,
          kb_lookout_dungeons_type, hangedman_decor_points, saegor_snake_ambush
D:6:      lemuel_ratsnest, layout_basic, minmay_temple_entry_trees,
          portal_sewer_entry_e, hangedman_decor_push
D:7:      layout_loops_corners, mainiacjoe_overflow_24_doors,
          kennysheep_small_spiral
D:8:      layout_basic, overflow_temple_1_default,
          gammafunk_ghost_berserking_beasts
D:9:      layout_loops_cross, mainiacjoe_overflow_cross_hatched,
          dpeg_lair_monsters, corexii_corridor_pit, kennysheep_generic_room_14
Lair:1:   layout_chaotic_city

Skill      XL: |  1  2  3  4  5  6  7  8  9 |
---------------+----------------------------+-----
Unarmed Combat | 4 5 6 7 9 |  9.0
Invocations    | 1 3 4 5 6 8 |  8.5
Shapeshifting  | 4 5 6 7 |  7.6
Fighting       | |  1.1
Dodging        | |  1.8

Action                     |  1- 3 |  4- 6 |  7- 9 || total
---------------------------+-------+-------+-------++-------
  Melee: Unarmed           |   114 |   139 |   125 ||   378
         Tailslap          |    10 |    23 |    18 ||    51
         Punch             |       |     2 |     9 ||    11
 Invoke: Minor Destruction |       |       |   153 ||   153
         Lesser Servant of |       |       |     3 ||     3
Ability: Breathe Noxious F |       |       |    14 ||    14
  Evoke: Wand              |       |       |     1 ||     1
    Use: Scroll            |     2 |     4 |    13 ||    19
         Potion            |     1 |     4 |    11 ||    16
   Stab: Confused          |       |       |     4 ||     4
         Paralysed         |       |       |     1 ||     1
 Armour: Skin              |    36 |    44 |    54 ||   134
  Dodge: Dodged            |   102 |    80 |   130 ||   312

Table legend: (Time is in decaauts)
 A = Elapsed time spent in this place.
 B = Non-inter-level travel time spent in this place.
 C = Inter-level travel time spent in this place.
 D = Time resting spent in this place.
 E = Time spent auto-exploring this place.
 F = Levels seen in this place.
 G = Mean time per level.
                   A        B        C        D        E       F      G
               +--------+--------+--------+--------+--------+-----+--------+
         Total |   9058 |   8789 |    269 |   2181 |   5042 |  11 |  823.5 |
       Dungeon |   8196 |   7927 |    269 |   1595 |   4882 |   9 |  910.7 |
          Lair |     13 |     13 |      0 |      0 |      0 |   1 |   13.0 |
         Sewer |    848 |    848 |      0 |    586 |    159 |   1 |  848.0 |
               +--------+--------+--------+--------+--------+-----+--------+

Top non-repeatable levels by time:
     D:8: 1689 daAuts
     D:5: 1511 daAuts
     D:7: 1090 daAuts
     D:3: 948 daAuts
     D:2: 933 daAuts
   Sewer: 848 daAuts
     D:6: 754 daAuts
     D:1: 571 daAuts
     D:4: 521 daAuts
     D:9: 175 daAuts
  Lair:1: 13 daAuts
